 Dungeon Crawl Stone Soup version 0.25-a0-108-gda8bd6cf83 (webtiles) character file.

Game seed: 15771556161633472054, levelgen mode: deterministic

15182 mortelune the Cleaver (level 11, -1/99 HPs)
             Began as a Demonspawn Wanderer on Nov 17, 2019.
             Was a Priest of Makhleb.
             Slain by a centaur warrior
             ... wielding a +1 great mace of flaming
              (2 damage)
             ... in a volcano.
             The game lasted 00:31:08 (13084 turns).

mortelune the Cleaver (Demonspawn Wanderer)        Turns: 13084, Time: 00:31:09

Health: -1/99      AC: 20    Str: 17    XL:     11   Next: 98%
Magic:  13/13      EV:  9    Int: 10    God:    Makhleb [***...]
Gold:   460        SH:  7    Dex: 15    Spells: 10/10 levels left

rFire    + + .     SeeInvis +   u - +6 war axe of Xysuag {venom, rF++ SInv}
rCold    + . .     Gourm    .   J - +0 shield
rNeg     . . .     Faith    .   h - +3 ring mail {rPois}
rPois    +         Spirit   .   R - +2 helmet
rElec    .         Reflect  .   H - +2 cloak
rCorr    .         Harm     .   (no gloves)
MR       .....     Clarity  +   W - +0 pair of boots
Stlth    +.........             w - amulet of regeneration
HPRegen  0.66/turn              i - +1 ring of evasion
MPRegen  0.13/turn              V - ring of wizardry

@: no status effects
A: claws 2, yellow scales 1, clarity, cold resistance 1, demonic guardian 1,
sense surroundings 1, robust 1
a: Minor Destruction, Lesser Servant of Makhleb, Renounce Religion


You were in a volcano.
You worshipped Makhleb.
Makhleb was most pleased with you.
You were not hungry.

You visited 2 branches of the dungeon, and saw 12 of its levels.
You also visited: Sewer and Volcano.

You collected 732 gold pieces.
You spent 272 gold pieces at shops.

Inventory:

Hand Weapons
 a - a +2 whip of electrocution
 b - a +0 hunting sling
 u - the +6 war axe of Xysuag (weapon) {venom, rF++ SInv}
   (You found it on level 4 of the Dungeon)

   It poisons the flesh of those it strikes.
   It greatly protects you from fire.
   It lets you see invisible.
 M - the +2 war axe of Perversion {freeze, rElec Str+4 Int+3 Dex+3}
   (You bought it in a shop on level 7 of the Dungeon)

   It has been specially enchanted to freeze those struck by it, causing extra
   injury to most foes and up to half again as much damage against particularly
   susceptible opponents.
   It can also slow down cold-blooded creatures.
   It affects your strength (+4).
   It affects your intelligence (+3).
   It affects your dexterity (+3).
   It insulates you from electricity.
Missiles
 n - 476 stones (quivered)
Armour
 h - a +3 ring mail of poison resistance (worn)
 k - a +0 scale mail
 l - a +0 cloak
 A - a +0 plate armour
 H - a +2 cloak (worn)
 J - a +0 shield (worn)
 Q - a +0 hat
 R - a +2 helmet (worn)
 W - a +0 pair of boots (worn)
Jewellery
 i - a +1 ring of evasion (left claw)
 w - an amulet of regeneration (around neck)
 V - a ring of wizardry (right claw)
Wands
 I - a wand of digging (8)
 L - a wand of flame (43)
 N - a wand of enslavement (8)
 O - a wand of iceblast (7)
 P - a wand of acid (22)
 T - a wand of scattershot (6)
Scrolls
 e - 3 scrolls of identify
 g - 2 scrolls of teleportation
 j - a scroll of magic mapping
 p - 2 scrolls of noise
 r - 10 scrolls of remove curse
 t - a scroll of enchant weapon
 y - a scroll of random uselessness
 z - 3 scrolls of blinking
 E - 6 scrolls of immolation
 K - 3 scrolls of fog
 U - a scroll of silence {unknown}
 X - a scroll of holy word {unknown}
Potions
 c - 4 potions of heal wounds
 f - a potion of degeneration
 m - 6 potions of agility
 o - 3 potions of haste
 q - a potion of lignification
 s - 2 potions of brilliance
 v - 8 potions of curing
 x - 4 potions of cancellation
 C - a potion of magic
 D - a potion of resistance
 F - a potion of flight
 G - a potion of might
 S - a potion of mutation
Comestibles
 d - 27 rations


   Skills:
 + Level 10.0 Fighting
 * Level 11.5(11.9) Axes
 - Level 4.4(9.1) Maces & Flails
   Level 3.6(4.7) Staves
 - Level 1.0 Throwing
 + Level 9.1 Armour
 - Level 1.0 Dodging
 - Level 1.0 Stealth
 + Level 2.9 Invocations


You had 10 spell levels left.
You didn't know any spells.
Your spell library contained the following spells:

 Spells                   Type           Power        Failure   Level  Hunger
 Animate Skeleton         Necr           N/A          83%         1    ##.....
 Corona                   Hex            #......      83%         1    ##.....
 Flame Tongue             Conj/Fire      #....        83%         1    ##.....
 Pain                     Necr           #...         83%         1    ##.....
 Ensorcelled Hibernation  Hex/Ice        #.....       92%         2    ###....
 Throw Flame              Conj/Fire      #.....       92%         2    ###....
 Confuse                  Hex            #.......     99%         3    ####...
 Conjure Flame            Conj/Fire      #.......     99%         3    ####...
 Dazzling Spray           Conj/Hex       #.....       99%         3    ####...
 Inner Flame              Hex/Fire       #.......     99%         3    ####...
 Regeneration             Chrm/Necr      #.........   99%         3    ####...
 Tukima's Dance           Hex            #.......     99%         3    ####...
 Vampiric Draining        Necr           #.........   99%         3    ####...
 Animate Dead             Necr           N/A          100%        4    #####..
 Sticky Flame             Conj/Fire      #.......     100%        4    #####..
 Fireball                 Conj/Fire      #.........   100%        5    ######.


Dungeon Overview and Level Annotations

Branches:
Dungeon (11/15)            Temple (0/1) D:6            Lair (1/6) D:11
  Sewer (visited)         Volcano (1/1)
    Orc: D:9-12

Altars:
Dithmenos
Kikubaaqudgha
Makhleb
Nemelex Xobeh
Ru
Vehumet
Xom
Zin

Shops:
D:7 (


Innate Abilities, Weirdness & Mutations

You have very sharp fingernails.
You are partially covered in yellow scales. (AC +2)
Your flesh is cold resistant. (rC+)
A weak demonic guardian rushes to your aid.
You are robust. (+10% HP)
You possess an exceptional clarity of mind.
You passively map a small area around you.


Message History

Your white imp dies!
A yaktaur comes into view.
It is wielding a +0 arbalest of flaming.
The yaktaur is engulfed in blazing flames.
The centaur warrior hits you with a +1 great mace of flaming.
* * * LOW HITPOINT WARNING * * *
The centaur warrior burns you.
* * * LOW HITPOINT WARNING * * *
The centaur warrior hits you with a +1 great mace of flaming!
* * * LOW HITPOINT WARNING * * *
The centaur warrior burns you.
* * * LOW HITPOINT WARNING * * *
The centaur nearly stumbles in trying to escape.
The yaktaur is engulfed in blazing flames.
The yaktaur shoots a bolt.
The bolt closely misses you.
As you read the scroll of fog, it crumbles to dust.
The scroll dissolves into smoke.
You block the centaur warrior's attack.
The centaur warrior hits you with a +1 great mace of flaming!
* * * LOW HITPOINT WARNING * * *
The centaur warrior burns you.
You die...

≈ ,** ≈ #..
'...[$'c..# * *
#...#..≈.c#...#≈
* ≈
#...#8≈≈≈8#...#≈
≈ ≈ #..'..≈..c..
.'c°°..'. ≈≈
#8§§°8# #≈§
○°###.°c§§###≈≈≈
≈○°○°°§°@§§§§≈§≈
*
#≈≈○§8○§§8≈§§§§≈
###§≈°..§§§§§§§#
#≈§§....≈≈≈###
##§8...8≈§≈#
##.....####
#.....# #8...8#
#.....#


You could see a centaur warrior (berserk), a yaktaur and 2 centaurs.

Vanquished Creatures
  A death yak (D:11)
  3 unseen horrors
  2 ugly things (D:11)
  A manticore (D:11)
  Joseph (D:9)
  3 spiny frogs (Lair:1)
  2 gargoyles
  A polar bear (D:10)
  3 hippogriffs
  A spriggan (D:11)
  4 yaks (D:11)
  A wyvern (D:10)
  A porcupine (Lair:1)
  A black bear (D:9)
  4 orc warriors
  A sky beast (D:10)
  3 phantoms
  4 ice beasts
  2 necrophages
  16 wolves (Lair:1)
  2 centaurs
  6 ogres
  4 crocodiles
  2 big kobolds (Sewer)
  5 bullfrogs
  A wyvern zombie (D:9)
  4 scorpions
  3 killer bees (D:9)
  3 wights (D:6)
  2 electric eels (D:10)
  A howler monkey (D:5)
  3 centaur zombies
  3 crimson imps
  2 quasits
  A wyvern simulacrum (D:10)
  5 hounds
  8 orc priests
  2 bullfrog skeletons
  2 centaur skeletons
  3 iguanas
  8 worker ants
  5 orc wizards
  A killer bee zombie (D:5)
  3 hound skeletons
  5 worker ant zombies
  10 gnolls
  8 adders
  A shadow imp (D:5)
  A worker ant simulacrum (D:10)
  2 oozes
  2 adder skeletons (D:2)
  An adder zombie (D:2)
  2 worms (D:3)
  15 dart slugs
  6 leopard geckos
  37 orcs
  5 ball pythons
  10 giant cockroaches
  11 goblins
  13 hobgoblins
  13 jackals
  22 kobolds
  5 quokkas
  A ball python zombie (D:2)
  14 bats
  12 frilled lizards
  A leopard gecko skeleton (D:2)
  A quokka zombie (D:5)
  11 rats
343 creatures vanquished.

Vanquished Creatures (collateral kills)
  A death yak (D:10)
  A centaur skeleton (D:9)
  A polar bear (D:10)
  A troll (D:11)
  A centaur (D:7)
  An ogre (D:7)
  2 wolves (Lair:1)
  A bullfrog (D:6)
  A scorpion (D:5)
  2 wights (D:6)
  2 crimson imps (D:7)
  3 orc wizards
  An orc priest (D:4)
  An iguana (D:3)
  An ooze (D:5)
  4 orcs
  2 goblins
  2 jackals (D:7)
28 creatures vanquished.

Vanquished Creatures (others)
  A human (D:6)
  A plant (Lair:1)
2 creatures vanquished.

Grand Total: 373 creatures vanquished

Notes
Turn   | Place    | Note
-------+----------+-------------------------------------------
     0 | D:1      | mortelune the Demonspawn Wanderer began the quest for the
                  | Orb.
     0 | D:1      | mortelune set off with the following items: a +0
                  | quarterstaff, a potion of lignification, a +2 leather
                  | armour, a ration
     0 | D:1      | Reached XP level 1. HP: 16/16 MP: 1/1
   165 | D:1      | Gained mutation: A weak demonic guardian rushes to your
                  | aid. [demonic ancestry]
   165 | D:1      | Reached XP level 2. HP: 16/22 MP: 2/2
   274 | D:1      | Reached skill level 1 in Maces & Flails
   687 | D:1      | Gained mutation: You have sharp fingernails. [demonic
                  | ancestry]
   687 | D:1      | Reached XP level 3. HP: 26/28 MP: 3/3
  1549 | D:2      | Reached XP level 4. HP: 33/34 MP: 4/4
  2683 | D:3      | Reached XP level 5. HP: 8/41 MP: 5/5
  2685 | D:3      | Gained mutation: Your spells are a little harder to cast,
                  | but a little more powerful. [potion of mutation]
  2685 | D:3      | Lost mutation: Your spells are a little harder to cast, but
                  | a little more powerful. [potion of mutation]
  2685 | D:3      | Gained mutation: You possess an exceptional clarity of
                  | mind. [potion of mutation]
  2685 | D:3      | Gained mutation: You passively map a small area around you.
                  | [potion of mutation]
  3579 | D:3      | Found a sparkling altar of Nemelex Xobeh.
  3675 | D:3      | Gained mutation: You have very sharp fingernails. [demonic
                  | ancestry]
  3675 | D:3      | Reached XP level 6. HP: 40/47 MP: 6/6
  4169 | D:4      | Got a blackened war axe
  4170 | D:4      | Identified the +6 war axe of Xysuag {venom, rF++ SInv} (You
                  | found it on level 4 of the Dungeon)
  4318 | D:4      | Reached XP level 7. HP: 48/54 MP: 7/7
  4336 | D:4      | Reached skill level 1 in Axes
  4593 | D:5      | Entered Level 5 of the Dungeon
  4699 | D:5      | Reached skill level 2 in Axes
  4911 | D:5      | Reached skill level 3 in Axes
  5396 | D:5      | Gained mutation: You are partially covered in yellow
                  | scales. (AC +2) [demonic ancestry]
  5396 | D:5      | Reached XP level 8. HP: 46/61 MP: 8/8
  5404 | D:5      | Reached skill level 5 in Fighting
  5732 | D:6      | Found a glowing drain.
  5748 | Sewer    | Entered a sewer
  5965 | Sewer    | Reached skill level 4 in Axes
  6172 | D:6      | Reached skill level 5 in Axes
  6172 | D:6      | Reached skill level 5 in Armour
  6435 | D:6      | Found a staircase to the Ecumenical Temple.
  6634 | D:6      | Found an ancient bone altar of Kikubaaqudgha.
  6821 | D:7      | Found Kuruiz's Antique Weapon Shop.
  6832 | D:7      | Noticed a hippogriff
  7100 | D:7      | Killed a hippogriff
  7100 | D:7      | Gained mutation: Your flesh is cold resistant. (rC+)
                  | [demonic ancestry]
  7100 | D:7      | Reached XP level 9. HP: 52/69 MP: 9/9
  7214 | D:7      | Reached skill level 6 in Axes
  7228 | D:7      | Bought a faintly glowing war axe for 272 gold pieces
  7230 | D:7      | Identified the +2 war axe of Perversion {freeze, rElec
                  | Str+4 Int+3 Dex+3} (You bought it in a shop on level 7 of
                  | the Dungeon)
  7661 | D:8      | Found a sacrificial altar of Ru.
  7664 | D:8      | Found an ancient bone altar of Kikubaaqudgha.
  7697 | D:8      | Identified the cursed +1 chain mail "Attuwer" {*Drain rPois
                  | MR+ Dex+3}
  7776 | D:8      | Found a shimmering altar of Xom.
  7776 | D:8      | Found a shadowy altar of Dithmenos.
  7811 | D:8      | Reached skill level 7 in Axes
  7849 | D:8      | Found a burning altar of Makhleb.
  7851 | D:8      | Found a glowing silver altar of Zin.
  7851 | D:8      | Noticed an angel
  7851 | D:8      | Noticed a cacodemon
  8329 | D:8      | Became a worshipper of Makhleb the Destroyer
  8693 | D:9      | Noticed Joseph
  8708 | D:9      | Killed Joseph
  8892 | D:9      | Reached skill level 8 in Axes
  8941 | D:9      | Reached XP level 10. HP: 77/79 MP: 10/10
  9017 | D:9      | Found a radiant altar of Vehumet.
  9413 | D:10     | Entered Level 10 of the Dungeon
  9429 | D:10     | Reached * piety under Makhleb
 10066 | D:10     | Reached skill level 9 in Axes
 10181 | D:10     | Noticed an unseen horror
 10188 | D:10     | Killed an unseen horror
 10292 | D:10     | Noticed a gargoyle
 10343 | D:10     | Killed a gargoyle
 10655 | D:10     | Noticed a death yak
 10664 | D:10     | Killed a death yak
 10664 | D:10     | Reached skill level 10 in Axes
 10664 | D:10     | Gained mutation: You are robust. (+10% HP) [demonic
                  | ancestry]
 10664 | D:10     | Reached XP level 11. HP: 45/95 MP: 11/11
 11277 | D:11     | Noticed an unseen horror
 11287 | D:11     | Killed an unseen horror
 11463 | D:11     | Noticed an unseen horror
 11477 | D:11     | Killed an unseen horror
 11482 | D:11     | Reached ** piety under Makhleb
 11913 | D:11     | Noticed a red ugly thing
 11937 | D:11     | Killed a red ugly thing
 12237 | D:11     | Found a staircase to the Lair.
 12237 | D:11     | Noticed a death yak
 12274 | D:11     | Killed a death yak
 12274 | D:11     | Reached skill level 11 in Axes
 12374 | D:11     | Noticed a green ugly thing
 12386 | D:11     | Killed a green ugly thing
 12737 | Lair:1   | Entered Level 1 of the Lair of Beasts
 12777 | Lair:1   | Reached skill level 1 in Invocations
 12787 | Lair:1   | Reached *** piety under Makhleb
 12829 | Lair:1   | Reached skill level 10 in Fighting
 12861 | Lair:1   | Found a dark tunnel.
 12870 | Volcano  | Entered a volcano
 13073 | Volcano  | Noticed a centaur warrior
 13084 | Volcano  | HP: 1/99 [centaur warrior/+1 great mace of flaming (15)]
 13084 | Volcano  | Slain by a centaur warrior

Levels and vault maps discovered:
D:1:      dpeg_arrival_tiny_h, layout_loops_corners
D:2:      layout_rooms, first_ration, serial_undead, serial_undead_e,
          serial_undead_d, serial_undead_f, serial_undead_d, serial_undead_e,
          serial_undead_e, serial_undead_d, serial_undead_b, serial_undead_d,
          serial_undead_b
D:3:      kennysheep_slugbush, layout_basic, nemelex_diamond_rough_becter
D:4:      layout_gridville
D:5:      kennysheep_spiral_hall, layout_basic, due_unseen_surprise
D:6:      layout_gridville, minmay_temple_entry_grid, portal_sewer_entry_f,
          tgw_kikubaaqudgha
D:7:      layout_rooms, serial_shops, shop
D:8:      layout_basic, grunt_temple_overflow_order_and_chaos_2,
          gammafunk_temple_overflow_statue, grunt_temple_overflow_open
D:9:      layout_basic, vehumet_altar_wand_db, uniq_joseph
D:10:     layout_cave_pools, serial_ice, serial_ice_o, serial_ice_l,
          serial_ice_g, serial_ice_n
D:11:     layout_small_grid, david_lair_generic, grunt_pizzeria
Lair:1:   minmay_guarded_unrand_snakebite, layout_cave_pods,
          nicolae_volcano_entry_hallway, grunt_forest_large_clearings
Volcano:  kennysheep_volcano_temple

Skill      XL: |  1  2  3  4  5  6  7  8  9 10 11 |
---------------+----------------------------------+-----
Maces & Flails | 1 2 3 4 |  4.4
Armour         | 2 3 4 5 6 7 9 |  9.1
Fighting       | 3 4 6 7 8 10 | 10.0
Axes           | 3 5 8 10 11 | 11.5
Invocations    | 2 |  2.9
Staves         | |  3.6
Throwing       | |  1.0
Dodging        | |  1.0
Stealth        | |  1.0

Action                   |  1- 3 |  4- 6 |  7- 9 | 10-12 || total
-------------------------+-------+-------+-------+-------++-------
Melee: Whip              |   112 |   233 |       |       ||   345
       Quarterstaff      |     5 |       |       |       ||     5
       War axe           |       |     5 |   320 |   356 ||   681
 Fire: Hunting sling     |     9 |    12 |       |       ||    21
Evoke: Wand              |       |       |       |     8 ||     8
  Use: Potion            |       |     5 |       |     3 ||     8
       Scroll            |       |     5 |       |    17 ||    22
 Stab: Sleeping          |     2 |       |       |       ||     2
       Distracted        |       |       |     1 |     6 ||     7
  Eat: Chunk             |     2 |     6 |    15 |    13 ||    36
       Ration            |       |     1 |       |       ||     1
Armor: Leather armour    |    41 |    40 |       |       ||    81
       Scale mail        |       |    14 |       |       ||    14
       Ring mail         |       |    28 |   161 |   206 ||   395
Dodge: Dodged            |    78 |   134 |   187 |   154 ||   553
Block: Shield            |       |       |    30 |   136 ||   166

Table legend:
 A = Non-vault XP
 B = Vault XP
 C = Vault XP percentage of total XP
 D = Non-vault monster count
 E = Vault monster count
 F = Vault count percentage of total count
                 A         B        C        D         E       F
            +---------+---------+-------+---------+---------+-------
      Total |   15173 |    6516 |  30.0 |     292 |      79 |  21.3
            +---------+---------+-------+---------+---------+-------
        D:1 |      70 |       0 |   0.0 |      39 |       0 |   0.0
        D:2 |      50 |      25 |  33.3 |      26 |       7 |  21.2
        D:3 |     208 |      31 |  13.0 |      44 |       8 |  15.4
        D:4 |     431 |       0 |   0.0 |      24 |       0 |   0.0
        D:5 |     561 |     162 |  22.4 |      28 |       2 |   6.7
        D:6 |     795 |      13 |   1.6 |      17 |       5 |  22.7
        D:7 |     990 |       0 |   0.0 |      21 |       0 |   0.0
        D:8 |     824 |       0 |   0.0 |      14 |       0 |   0.0
        D:9 |    1849 |     394 |  17.6 |      24 |       2 |   7.7
       D:10 |    2842 |    1628 |  36.4 |      25 |       7 |  21.9
       D:11 |    5464 |    1552 |  22.1 |      25 |       5 |  16.7
     Lair:1 |    1089 |    2491 |  69.6 |       5 |      19 |  79.2
      Sewer |       0 |     220 | 100.0 |       0 |      24 | 100.0
            +---------+---------+-------+---------+---------+-------
